 Dungeon Crawl Stone Soup version 0.30.1-3-gfc49f6343a (webtiles) character file.

Game seed: 641182821958470195

76826 Atelerd the Unseen (level 15, 0/79 HPs)
             Began as an Octopode Earth Elementalist on July 19, 2023.
             Was a High Priest of Sif Muna.
             Shot with an arrow by a centaur warrior (23 damage)
             ... on level 15 of the Dungeon on July 23, 2023.
             The game lasted 01:17:22 (30340 turns).

Atelerd the Unseen (Octopode Earth Elementalist)   Turns: 30340, Time: 01:17:23

Health: 0/79       AC:  3    Str: 11    XL:     15   Next: 54%
Magic:  17/32      EV: 24    Int: 30    God:    Sif Muna [*****.]
Gold:   2780       SH: 12    Dex: 30    Spells: 10/41 levels left

rFire   + . .        j - +9 short sword of Plog {heavy, Dex+4}
rCold   + . .        C - +0 buckler
rNeg    + . .        O - +2 hat
rPois   +            (no amulet)
rElec   .            k - +6 ring of strength
rCorr   .            q - +5 ring of evasion
SInv    .            v - ring of poison resistance
Will    +....        K - ring of positive energy
Stlth   ++++++++     J - +6 ring of dexterity
HPRegen 0.33/turn    d - +6 ring of intelligence
MPRegen 0.23/turn    m - ring of protection from cold
                     S - +6 ring of dexterity

%: no passive effects
@: studying 2 skills
A: almost no armour, amphibious, 8 rings, camouflage 1, gelatinous body 1,
(nimble swimmer 1), tentacles, large bone plates 1, fire resistance 1, frail 1,
sense surroundings 1, weak 1
a: Renounce Religion, Channel Magic, Forget Spell, Divine Exegesis


You were on level 15 of the Dungeon.
You worshipped Sif Muna.
Sif Muna was extremely pleased with you.
You visited 4 branches of the dungeon, and saw 23 of its levels.
You also visited: Ossuary.

You collected 2855 gold pieces.
You spent 75 gold pieces at shops.

Inventory:

Hand Weapons
 j - the +9 short sword of Plog (weapon) {heavy, Dex+4}
   (You found it on level 13 of the Dungeon)

   Dex:       It affects your dexterity (+4).
 s - a +1 dagger of electrocution
Missiles
 G - 3 throwing nets
Armour
 C - a +0 buckler (worn)
 O - a +2 hat (worn)
Jewellery
 d - a +6 ring of intelligence (on tentacle)
 k - a +6 ring of strength (left tentacle)
 m - a ring of protection from cold (on tentacle)
 q - a +5 ring of evasion (right tentacle)
 v - a ring of poison resistance (on tentacle)
 J - a +6 ring of dexterity (on tentacle)
 K - a ring of positive energy (on tentacle)
 M - a ring of ice
 S - a +6 ring of dexterity (on tentacle)
 V - a ring of resist corrosion
Wands
 b - a wand of iceblast (4)
 r - a wand of polymorph (15)
 u - a wand of acid (2)
 y - a wand of charming (22)
 Q - a wand of digging (5)
Scrolls
 c - 4 scrolls of amnesia
 f - a scroll of summoning
 g - 2 scrolls of silence
 t - 2 scrolls of immolation
 w - a scroll of blinking
 x - 7 scrolls of teleportation
 A - 3 scrolls of fog
 B - a scroll of brand weapon
 F - 3 scrolls of enchant armour
 H - a scroll of enchant weapon
 R - 2 scrolls of magic mapping
 T - a scroll of fear
 W - a scroll of poison {unknown}
 X - 3 scrolls of identify
Potions
 a - 4 potions of magic
 e - 9 potions of curing
 h - 2 potions of cancellation
 i - 6 potions of heal wounds
 l - 6 potions of brilliance
 n - 7 potions of might
 o - 3 potions of haste {unknown}
 p - 5 potions of flight
 z - 3 potions of attraction
 I - 2 potions of resistance
 L - a potion of lignification
 N - 2 potions of berserk rage
 U - a potion of ambrosia {unknown}
Miscellaneous
 D - a phantom mirror
 E - a condenser vane
 P - a lightning rod (3/4)


   Skills:
 - Level 3.0 Fighting
 + Level 5.9 Short Blades
 + Level 6.5 Dodging
 - Level 15.0 Stealth
 - Level 6.0 Shields
 + Level 13.9 Spellcasting
 + Level 7.3 Conjurations
 - Level 3.0 Transmutations
 - Level 5.0 Ice Magic
 + Level 11.0 Air Magic
 + Level 7.3 Earth Magic
 - Level 3.0 Poison Magic
 * Level 7.8 Invocations
 - Level 2.0 Evocations


You had 10 spell levels left.
You knew the following spells:

 Your Spells              Type           Power      Damage    Failure   Level
a - Sandblast             Erth           100%       2d20      1%          1
b - Mephitic Cloud        Conj/Pois/Air  59%        N/A       1%          3
e - Olgreb's Toxic Radia  Pois           38%        N/A       10%         4
i - Iron Shot             Conj/Erth      30%        9d6       24%         6
m - Iskenderun's Mystic   Conj/Tloc      42%        2d10      7%          4
p - Petrify               Tmut/Erth      51%        N/A       3%          4
r - Airstrike             Air            36%        2d(6-22)  1%          4
u - Freezing Cloud        Conj/Ice/Air   30%        6-21      3%          5

Your spell library contained the following spells:

 Spells                   Type           Power      Damage    Failure   Level
 Beastly Appendage        Tmut           76%        N/A       1%          1
 Foxfire                  Conj/Fire      100%       2x1d9     1%          1
 Freeze                   Ice            100%       1d10      1%          1
 Kiss of Death            Conj/Necr      100%       2d13      1%          1
 Magic Dart               Conj           100%       1d8       1%          1
 Shock                    Conj/Air       100%       1d9       1%          1
 Sting                    Tmut/Pois      100%       1d8       1%          1
 Ensorcelled Hibernation  Hex/Ice        70%        N/A       1%          2
 Passwall                 Tmut/Erth      42%        N/A       1%          2
 Poisonous Vapours        Pois/Air       100%       N/A       1%          2
 Searing Ray              Conj           100%       2d8       1%          2
 Static Discharge         Conj/Air       100%       2-7/arc   1%          2
 Wereblood                Tmut           38%        N/A       1%          2
 Frozen Ramparts          Ice            100%       1d16      1%          3
 Hailstorm                Conj/Ice       55%        3d12      1%          3
 Stone Arrow              Conj/Erth      100%       3d13      1%          3
 Swiftness                Air            72%        N/A       1%          3
 Vhi's Electric Charge    Tloc/Air       100%       N/A       1%          3
 Arcjolt                  Conj/Air       33%        1d43      1%          5
 Spider Form              Tmut/Pois      38%        N/A       2%          3
 Slow                     Hex            80%        N/A       3%          1
 Call Imp                 Summ           40%        N/A       4%          2
 Lesser Beckoning         Tloc           40%        N/A       4%          2
 Iskenderun's Battlesphe  Conj           59%        2d11      4%          5
 Ice Form                 Ice/Tmut       44%        N/A       6%          4
 Flame Wave               Conj/Fire      42%        2d11      7%          4
 Sticky Flame             Conj/Fire      42%        2d6       7%          4
 Confusing Touch          Hex            20%        N/A       10%         3
 Gell's Gravitas          Tloc           20%        N/A       10%         3
 Inner Flame              Hex/Fire       20%        N/A       10%         3
 Teleport Other           Tloc           20%        N/A       10%         3
 Vampiric Draining        Necr           20%        2d7       10%         3
 Summon Ice Beast         Ice/Summ       35%        N/A       12%         4
 Fireball                 Conj/Fire      21%        3d10      21%         5
 Animate Dead             Necr           20%        N/A       32%         4
 Dispel Undead            Necr           20%        3d11      32%         4
 Plasma Beam              Fire/Air       26%        2x1d42    45%         6
 Starburst                Conj/Fire      21%        6d7       73%         6
 Orb of Destruction       Conj           29%        9d9       80%         7
 Maxwell's Capacitive Co  Air            36%        ∞         92%         8
 Spellforged Servitor     Conj/Summ      21%        N/A       99%         7
 Haunt                    Necr/Summ      10%        N/A       100%        7
 Infestation              Necr           10%        N/A       100%        8


Dungeon Overview and Level Annotations

Branches:
Dungeon (15/15)            Temple (1/1) D:6            Lair (5/5) D:10
 Shoals (0/4) Lair:3       Spider (0/4) Lair:2        Slime (0/5) Lair:4
    Orc (2/2) D:9             Elf (0/3) Orc:2        Vaults (0/5) D:13
 Depths (0/4) D:15        Ossuary (visited)

Altars:
Ashenzari
Cheibriados
Elyvilon
Fedhas
Hepliaklqana
Kikubaaqudgha
Makhleb
Qazlal
Sif Muna
Wu Jian
Xom
Yredelemnul
Zin
The Shining One
Jiyva

Shops:
Orc:2 (?((

Annotations:
D:9 exclusion: downstairs
D:10 exclusion: downstairs
D:11 Lodul
D:13 dondy's ghost, journeyman HOBe
Lair:2 exclusions: downstairs and upstairs


Innate Abilities, Weirdness & Mutations

You cannot wear most types of armour.
You are amphibious.
You can wear up to eight rings at the same time.
Your skin changes colour to match your surroundings (Stealth+).
Your rubbery body absorbs attacks. (AC +1, EV +1)
((You are camouflaged when in or above water. (Stealth+)))
You have tentacles for arms and can constrict up to eight enemies at once.
You are partially covered in large bone plates. (SH +4)
Your flesh is heat resistant. (rF+)
You are frail. (-10% HP)
You passively map a small area around you.
You are weak. (Str -2)


Message History

Aim: a meliai, wielding a +0 hand axe and wearing a +0 robe (freezing vapour, heavily wounded, empty space bonus: 2/8)
The air twists around and strikes the meliai!
The meliai is almost dead.
The meliai is engulfed in freezing vapours.
You block the meliai's attack. The meliai stings you.
The centaur warrior is engulfed in freezing vapours.
The meliai is engulfed in freezing vapours.
You kill the meliai!
Sif Muna accepts your kill.
The centaur warrior wields a +0 longbow.
The centaur warrior shoots an arrow.
The arrow hits you!
Unknown command.
Casting: Airstrike (safe; 1% risk of failure)
Confirm with . or Enter, or press ? or * to list all spells.
Aiming: Mephitic Cloud (safe; 1% risk of failure)
Press: ? - help, Shift-Dir - straight line, f - centaur warrior
Aim: a centaur warrior, wielding a +0 longbow (moderately wounded, chance to affect: 53%)
The ball explodes into a vile cloud!
The stinking cloud engulfs the centaur warrior but does no damage.
The centaur warrior is moderately wounded.
You hear an angry buzzing noise.
The centaur warrior is engulfed in noxious fumes.
The centaur warrior shoots an arrow.
You block the arrow.
Casting: Mephitic Cloud (safe; 1% risk of failure)
Confirm with . or Enter, or press ? or * to list all spells.
Okay, then.
Unknown command.
Casting: Mephitic Cloud (safe; 1% risk of failure)
Confirm with . or Enter, or press ? or * to list all spells.
Aiming: Airstrike (safe; 1% risk of failure)
Press: ? - help, Dir - move target, f/p - centaur warrior
Aim: a centaur warrior, wielding a +0 longbow (noxious fumes, moderately wounded, empty space bonus: 4/8)
The air twists around and strikes the centaur warrior!
The centaur warrior is heavily wounded.
The centaur warrior is engulfed in noxious fumes.
The centaur warrior shoots an arrow.
The arrow hits you!!
* * * LOW HITPOINT WARNING * * *
The centaur warrior is engulfed in noxious fumes.
The centaur warrior shoots an arrow.
The arrow hits you!!
You die...

#..##...###!..)#....
........[...... , # ,,
*.###.#....#..#. ,
#.######. #.#######.#.
.§§§§. * #.....).....
*.####§#§########.####.##
.c....§c○...............
* **
y###..#§########.#######
, *#. #@# #.# # *#.#* #.#
, ,... #.# ##.## #.# ,
#.# * #.# * *, * #.. , .#
, ### *


You could see a centaur warrior.

Vanquished Creatures
  Saint Roka (Orc:2)
  A storm dragon (shapeshifter) (D:13)
  A stone giant (D:15)
  The ghost of Persimmon the Fighter, a journeyman SpBe of Trog (D:13)
  A dire elephant (Lair:5)
  Snorg (D:10)
  3 vault guards (D:13)
  A centaur warrior (D:13)
  4 catoblepae
  2 boulder beetles
  3 tengu warriors
  3 orc high priests (Orc:2)
  Urug (D:10)
  5 two-headed ogres
  2 deep trolls (D:15)
  2 lindwurms
  2 necromancers (D:15)
  6 orc knights
  8 deep elf pyromancers
  6 ugly things
  3 orc sorcerers (Orc:2)
  3 manticores
  5 cyclopes
  6 elephants (Lair:3)
  6 black mambas
  A merfolk siren (Lair:3)
  3 gargoyles
  13 cane toads
  A rime drake (shapeshifter) (D:13)
  An unseen horror (D:13)
  A yaktaur (D:15)
  A torpor snail (Lair:5)
  2 kobold demonologists
  3 rime drakes (Lair:5)
  A freezing wraith (D:14)
  2 efreet
  8 komodo dragons
  The ghost of Anriel the Ducker, a novice DEHW of Ashenzari (D:5)
  2 meliai
  A hornet (D:10)
  A hornet (shapeshifter) (D:13)
  9 trolls
  A polar bear (Lair:4)
  4 slime creatures
  2 dream sheep
  22 blink frogs
  3 shadows
  2 jumping spiders (Lair:2)
  5 wraiths
  10 wyverns
  4 basilisks
  36 yaks
  A redback (Lair:2)
  Eustachio (D:6)
  2 steam dragons (D:6)
  A warg (Orc:1)
  14 water moccasins
  2 acid dragons
  23 orc warriors
  A sky beast (D:7)
  A black bear (D:6)
  An ice beast (D:6)
  9 ogres
  5 centaurs
  13 wolves
  A phantom (D:6)
  3 kobold brigands
  12 bullfrogs
  3 scorpions
  2 gnoll sergeants (D:9)
  5 water moccasin zombies (Ossuary)
  8 wights
  15 killer bees
  9 electric eels
  2 quasits (D:8)
  2 jellies
  3 hounds
  12 orc priests
  3 sleepcaps
  2 iguanas
  27 orc wizards
  3 mummies
  4 gnolls (D:8)
  7 adders
  2 shadow imps (D:8)
  6 white imps
  4 ufetubi
  6 adder zombies (Ossuary)
  A worm (D:2)
  3 dart slugs
  74 orcs
  7 ball pythons
  7 bats
  9 endoplasms
  5 giant cockroaches
  2 gnoll zombies (Ossuary)
  7 goblins
  2 hobgoblins (D:2)
  4 quokkas
  2 frilled lizards (D:2)
  A goblin zombie (D:4)
  5 hobgoblin zombies
  16 kobolds
  4 kobold zombies (Ossuary)
  4 orc zombies (Ossuary)
  5 rats
  A spectral orc (D:7)
591 creatures vanquished.

Vanquished Creatures (collateral kills)
  The ghost of Anriel the Bludgeoner, a journeyman HuGl of Ashenzari (D:12)
  An orc warrior (D:8)
2 creatures vanquished.

Grand Total: 593 creatures vanquished

Notes
Turn   | Place    | Note
-------+----------+-------------------------------------------
     0 | D:1      | Atelerd the Octopode Earth Elementalist began the quest for
                  | the Orb.
     0 | D:1      | Reached XP level 1. HP: 11/11 MP: 3/3
   180 | D:1      | Reached XP level 2. HP: 17/17 MP: 3/5
   343 | D:1      | Reached skill level 3 in Stealth
   634 | D:1      | Reached XP level 3. HP: 19/21 MP: 1/6
  1120 | D:2      | Reached XP level 4. HP: 27/27 MP: 5/7
  1633 | D:2      | Gained mutation: You are agile. (Dex +4, Str/Int -1)
                  | [potion of mutation]
  1633 | D:2      | Gained mutation: You occasionally lose the ability to read
                  | scrolls when taking damage. [potion of mutation]
  1633 | D:2      | Gained mutation: You occasionally shout uncontrollably at
                  | your foes. [potion of mutation]
  1633 | D:2      | Gained mutation: Your flesh is cold resistant. (rC+)
                  | [potion of mutation]
  1634 | D:2      | Lost mutation: You are agile. (Dex +4, Str/Int -1) [potion
                  | of mutation]
  1634 | D:2      | Lost mutation: Your flesh is cold resistant. (rC+) [potion
                  | of mutation]
  1634 | D:2      | Gained mutation: You are partially covered in iridescent
                  | scales. (AC +2) [potion of mutation]
  1955 | D:3      | Found a white marble altar of Elyvilon.
  2488 | D:3      | Learned a level 4 spell: Petrify
  2523 | D:4      | Reached XP level 5. HP: 31/32 MP: 1/9
  2534 | D:4      | Found a snail-covered altar of Cheibriados.
  2534 | D:4      | Found a glowing golden altar of the Shining One.
  2535 | D:4      | Found a hazy altar of Hepliaklqana.
  2569 | D:4      | Found a sand-covered staircase.
  2575 | D:4      | Reached skill level 1 in Fighting
  2612 | Ossuary  | Entered an ossuary
  2856 | Ossuary  | Reached XP level 6. HP: 19/38 MP: 6/10
  3110 | Ossuary  | Reached skill level 5 in Earth Magic
  3177 | Ossuary  | Reached XP level 7. HP: 37/43 MP: 4/13
  3779 | D:4      | Reached skill level 5 in Spellcasting
  4003 | D:5      | Entered Level 5 of the Dungeon
  4030 | D:5      | Found a runed translucent door.
  4141 | D:5      | Found an ornate altar of the Wu Jian Council.
  4284 | D:5      | Reached skill level 1 in Short Blades
  4308 | D:5      | Noticed Anriel's ghost (novice DEHW)
  4613 | D:6      | Reached skill level 4 in Stealth
  4613 | D:6      | Reached XP level 8. HP: 41/48 MP: 13/16
  4696 | D:6      | Noticed Eustachio
  4897 | D:6      | Reached skill level 5 in Stealth
  5188 | D:6      | Found a staircase to the Ecumenical Temple.
  5213 | Temple   | Entered the Ecumenical Temple
  5297 | D:6      | Reached skill level 6 in Stealth
  5635 | Temple   | Became a worshipper of Sif Muna the Loreminder
  5759 | D:6      | Killed Eustachio
  5760 | D:6      | Reached skill level 1 in Invocations
  5940 | D:7      | Reached skill level 1 in Shields
  6046 | D:7      | Found a burning altar of Makhleb.
  6250 | D:7      | Reached XP level 9. HP: 34/53 MP: 10/18
  6939 | D:7      | Found a basalt altar of Yredelemnul.
  7678 | D:8      | Reached skill level 7 in Stealth
  7875 | D:8      | Reached * piety under Sif Muna
  7996 | D:8      | Noticed a two-headed ogre
  8137 | D:8      | Killed a two-headed ogre
  8268 | D:8      | Reached skill level 8 in Stealth
  8268 | D:8      | Reached XP level 10. HP: 57/63 MP: 3/21
  8408 | D:8      | Found a stormy altar of Qazlal.
  8517 | D:9      | Lost mutation: You occasionally lose the ability to read
                  | scrolls when taking damage. [potion of mutation]
  8517 | D:9      | Lost mutation: You are partially covered in iridescent
                  | scales. (AC +2) [potion of mutation]
  8517 | D:9      | Gained mutation: You are robust. (+10% HP) [potion of
                  | mutation]
  8517 | D:9      | Gained mutation: You are resistant to electric shocks.
                  | (rElec) [potion of mutation]
  8518 | D:9      | Lost mutation: You are resistant to electric shocks.
                  | (rElec) [potion of mutation]
  8518 | D:9      | Lost mutation: You are robust. (+10% HP) [potion of
                  | mutation]
  8518 | D:9      | Gained mutation: Your spells are a little harder to cast,
                  | but a little more powerful. [potion of mutation]
  8635 | D:9      | Learned a level 3 spell: Mephitic Cloud
  8641 | D:9      | Learned a level 5 spell: Freezing Cloud
  8657 | D:9      | Noticed a purple ugly thing
  8672 | D:9      | Killed a purple ugly thing
  8673 | D:9      | Reached skill level 1 in Poison Magic
  8674 | D:9      | Reached skill level 1 in Conjurations
  8674 | D:9      | Reached skill level 1 in Ice Magic
  8674 | D:9      | Reached skill level 1 in Air Magic
  9144 | D:9      | Noticed a two-headed ogre
  9150 | D:9      | Killed a two-headed ogre
  9256 | D:9      | Reached skill level 5 in Dodging
  9256 | D:9      | Reached skill level 9 in Stealth
  9261 | D:10     | Entered Level 10 of the Dungeon
  9438 | D:10     | Reached ** piety under Sif Muna
  9838 | D:9      | Reached XP level 11. HP: 67/67 MP: 3/23
 10155 | D:9      | Reached skill level 10 in Stealth
 10181 | D:9      | Found a staircase to the Orcish Mines.
 10218 | D:9      | Reached skill level 5 in Shields
 10863 | D:9      | Identified a scroll of acquirement
 10865 | D:9      | Acquired 768 gold pieces
 10888 | D:10     | Found a staircase to the Lair.
 11036 | D:10     | Reached *** piety under Sif Muna
 11187 | D:10     | Noticed Urug
 11201 | D:10     | Killed Urug
 11202 | D:10     | Reached skill level 5 in Invocations
 11202 | D:10     | Reached skill level 1 in Evocations
 11349 | D:10     | Noticed a sixfirhy
 11511 | D:10     | Noticed Snorg
 11629 | D:10     | Killed Snorg
 11724 | D:10     | Noticed a two-headed ogre
 12211 | D:10     | Killed a two-headed ogre
 12445 | D:11     | Noticed a manticore
 12458 | D:10     | Reached skill level 5 in Air Magic
 12735 | Lair:1   | Entered Level 1 of the Lair of Beasts
 12820 | Lair:1   | Noticed a catoblepas
 13218 | Lair:2   | Reached skill level 10 in Spellcasting
 13234 | Lair:2   | Reached XP level 12. HP: 68/72 MP: 21/26
 13680 | Lair:2   | Found a hole to the Spider Nest.
 15322 | Lair:3   | Reached skill level 5 in Conjurations
 15322 | Lair:3   | Reached skill level 5 in Ice Magic
 16129 | Lair:3   | Reached XP level 13. HP: 77/77 MP: 8/29
 16412 | Lair:3   | Found a staircase to the Shoals.
 17113 | Lair:4   | Found a viscous altar of Jiyva.
 17113 | Lair:4   | Found a staircase to the Slime Pits.
 17511 | Lair:4   | Reached **** piety under Sif Muna
 17907 | Lair:5   | Entered Level 5 of the Lair of Beasts
 18086 | Lair:5   | Reached skill level 11 in Stealth
 18092 | Lair:5   | Learned a level 4 spell: Olgreb's Toxic Radiance
 18714 | Lair:5   | Reached skill level 12 in Stealth
 19640 | Lair:5   | Noticed a dire elephant
 19873 | Lair:5   | Killed a dire elephant
 19874 | Lair:5   | Reached skill level 13 in Stealth
 20565 | Lair:1   | Reached XP level 14. HP: 71/83 MP: 22/30
 21781 | Orc:1    | Entered Level 1 of the Orcish Mines
 21834 | Orc:1    | Reached skill level 14 in Stealth
 22286 | Orc:1    | Reached ***** piety under Sif Muna
 22647 | Orc:2    | Entered Level 2 of the Orcish Mines
 23001 | Orc:2    | Noticed Saint Roka
 23018 | Orc:2    | Killed Saint Roka
 23233 | Orc:2    | Found a staircase to the Elven Halls.
 23592 | Orc:2    | Reached skill level 10 in Air Magic
 23764 | Orc:2    | Reached skill level 15 in Stealth
 24198 | Orc:2    | Found Neckain's Antique Weapon Boutique.
 24198 | Orc:2    | Found Tienlebb's Weapon Shoppe.
 24200 | Orc:2    | Found Mesuis's Magic Scroll Boutique.
 24200 | Orc:2    | Found Umeissy's Antique Weapon Shoppe.
 24209 | Orc:2    | Bought a scroll of noise for 15 gold pieces
 24215 | Orc:2    | Bought a scroll of identify for 30 gold pieces
 24215 | Orc:2    | Bought a scroll of identify for 30 gold pieces
 24406 | D:5      | Killed Anriel's ghost
 24447 | D:5      | Lost mutation: You occasionally shout uncontrollably at
                  | your foes. [potion of mutation]
 24447 | D:5      | Lost mutation: Your spells are a little harder to cast, but
                  | a little more powerful. [potion of mutation]
 24447 | D:5      | Gained mutation: You have hidden genetic potential. [potion
                  | of mutation]
 24521 | D:10     | Lost mutation: You have hidden genetic potential. [potion
                  | of mutation]
 24521 | D:10     | Gained mutation: You have hidden genetic defects. [potion
                  | of mutation]
 24521 | D:10     | Gained mutation: Your flesh is heat resistant. (rF+)
                  | [potion of mutation]
 24521 | D:10     | Gained mutation: You passively map a small area around you.
                  | [potion of mutation]
 24521 | D:10     | Gained mutation: You are partially covered in large bone
                  | plates. (SH +4) [potion of mutation]
 24588 | D:11     | Noticed Lodul
 24937 | D:12     | Found a shimmering altar of Xom.
 24991 | D:12     | Received a gift from Sif Muna
 25002 | D:12     | Got Sif Muna's Papyrus of Blasting {god gift}
 25008 | D:12     | Learned a level 4 spell: Iskenderun's Mystic Blast
 25117 | D:12     | Learned a level 4 spell: Airstrike
 26572 | D:13     | Gained mutation: You are frail. (-10% HP) [hidden defects]
 26788 | D:13     | Found a runed translucent gate.
 26789 | D:13     | Found a runed translucent gate.
 26790 | D:13     | Found a runed translucent gate.
 26790 | D:13     | Noticed Persimmon's ghost (journeyman SpBe)
 26790 | D:13     | Noticed Anriel's ghost (journeyman HuGl)
 26791 | D:13     | Noticed dondy's ghost (journeyman HOBe)
 26825 | D:13     | Reached skill level 5 in Short Blades
 26910 | D:13     | Reached XP level 15. HP: 79/79 MP: 15/32
 27212 | D:13     | Found a gate to the Vaults.
 27460 | D:13     | Noticed a storm dragon
 27564 | D:13     | Noticed a storm dragon
 27578 | D:13     | Killed a storm dragon
 27580 | D:13     | Gained mutation: You are weak. (Str -2) [hidden defects]
 27580 | D:13     | Lost mutation: You have hidden genetic defects. [hidden
                  | defects expressed]
 28083 | D:12     | Killed Anriel's ghost
 28348 | D:13     | Identified the +9 short sword of Plog {heavy, Dex+4}
 28402 | D:13     | Killed Persimmon's ghost
 29041 | D:14     | Received a gift from Sif Muna
 29050 | D:14     | Learned a level 6 spell: Iron Shot
 29924 | D:14     | Found an ornate altar of the Wu Jian Council.
 29975 | D:15     | Entered Level 15 of the Dungeon
 30118 | D:15     | Found a staircase to the Depths.
 30340 | D:15     | Shot with an arrow by a centaur warrior

Illustrated notes

Levels and vault maps discovered:
D:1:      erik_arrival_blinker_ship, layout_basic
D:2:      layout_loops_ring, kennysheep_big_empty_room,
          amcnicky_mini_corridor_feature, small_statue_intersection,
          minmay_between
D:3:      layout_loops_cross, amcnicky_altar_gilded, chequers_jeans,
          grunt_ministairs_14
D:4:      layout_cave_pools, gammafunk_temple_overflow_forgotten,
          nicolae_ossuary_entry_giza, kennysheep_generic_room_12
D:5:      layout_cave_pools, mainiacjoe_overflow_six_doors_small,
          gammafunk_ghost_grave
D:6:      layout_rooms, minmay_temple_entry_antechambers,
          minmay_tree_intersection, uniq_eustachio
D:7:      layout_rooms, old_standard_altar, yredelemnul_forgotten_temple_becter,
          serial_bayou_lagoon_b
D:8:      layout_cave_pools, nicolae_qazlal_style_of_elements, serial_demonic,
          serial_demonic_g, serial_demonic_b, serial_demonic_a,
          serial_demonic_f, hangedman_decor_lopped
D:9:      cheibrodos_fzero, layout_gridville, orc_david_3,
          dreamdust_princess_bridge
D:10:     layout_rooms, due_lair_maze_entry_diamond,
          minmay_fractal_squares_diagonal_5, uniq_urug, uniq_snorg
D:11:     layout_rooms, uniq_fannar, uniq_nergalle, uniq_psyche, uniq_lodul
D:12:     layout_gridville, roderic_serpentine_path, roderic_lattice_a,
          xom_teletrap_fun
D:13:     layout_basic, lightli_vaults_fourway_checkpoint,
          gammafunk_ghost_cemetery, kennysheep_windowed_goal
D:14:     layout_basic, dreamdust_wishing_well, serial_bayou_pond_e,
          nicolae_wu_jian_glorious_leap
D:15:     hangedman_depths_entry_civil_slaughter, layout_basic,
          nicolae_tso_swordbearing_angel, uniq_rupert
Temple:   minmay_temple_curvy_branch
Lair:1:   layout_cave_pods, serial_bayou, serial_bayou_pond_d,
          serial_bayou_pond_e, serial_bayou_pond_e, serial_bayou_lagoon_a,
          serial_bayou_lake_a
Lair:2:   layout_regular_city, spider_nest_entry_a, patterned_corridor
Lair:3:   layout_layer_cave, minmay_shoals_entry_lonely_mermaid,
          eino_small_chamber_without_monster, infiniplex_staircase_pool,
          grunt_megastairs_4
Lair:4:   layout_cave_pods, dpeg_slime_entry_corner, st_stairs_8
Lair:5:   hangedman_lair_in_review, layout_regular_city,
          lightli_volcano_entry_magma_tube
Orc:1:    layout_caves, mines_bat_river
Orc:2:    grunt_orc_tribal_feast, layout_caves, uniq_saint_roka, uniq_erolcha

Skill      XL: |  1  2  3  4  5  6  7  8  9 10 11 12 13 14 15 |
---------------+----------------------------------------------+-----
Stealth        | 3 4 6 8 9 10 13 15 | 15.0
Transmutations | 2 3 |  3.0
Earth Magic    | 4 5 6 7 |  7.3
Fighting       | 1 3 |  3.0
Spellcasting   | 3 4 5 6 7 8 10 12 13 | 13.9
Short Blades   | 2 3 5 |  5.9
Invocations    | 1 2 4 5 6 7 |  7.8
Shields        | 1 3 4 6 |  6.0
Dodging        | 4 5 6 |  6.5
Poison Magic   | 1 3 |  3.0
Conjurations   | 2 5 7 |  7.3
Ice Magic      | 2 5 |  5.0
Air Magic      | 2 5 9 10 11 | 11.0
Evocations     | 2 |  2.0

Action                     |  1- 3 |  4- 6 |  7- 9 | 10-12 | 13-15 || total
---------------------------+-------+-------+-------+-------+-------++-------
  Melee: Unarmed           |    10 |       |       |       |       ||    10
         Tentacles         |     6 |    10 |    22 |    37 |    28 ||   103
         Constrict         |     5 |     9 |    16 |    27 |    21 ||    78
         Spear             |    14 |    47 |     6 |       |       ||    67
         Punch             |       |     1 |     2 |     3 |     1 ||     7
         Dagger            |       |       |    67 |   161 |   111 ||   339
         Short sword       |       |       |       |       |    23 ||    23
   Cast: Sandblast         |    32 |    69 |   141 |   162 |   171 ||   575
         Petrify           |       |       |    33 |   144 |   115 ||   292
         Mephitic Cloud    |       |       |       |    23 |    13 ||    36
         Freezing Cloud    |       |       |       |     6 |    52 ||    58
         Olgreb's Toxic Ra |       |       |       |       |    62 ||    62
         Airstrike         |       |       |       |       |    52 ||    52
         Iskenderun's Myst |       |       |       |       |    30 ||    30
 Invoke: Channel Magic     |       |       |       |     7 |     8 ||    15
  Evoke: Wand              |       |       |     2 |     5 |    17 ||    24
         Lightning rod     |       |       |       |       |     3 ||     3
    Use: Scroll            |       |     6 |     1 |    17 |    12 ||    36
         Potion            |       |     3 |       |     4 |     7 ||    14
   Stab: Sleeping          |     4 |     4 |     8 |     1 |    31 ||    48
         Petrified         |       |       |    19 |    84 |    63 ||   166
         Petrifying        |       |       |     1 |     7 |     3 ||    11
         Confused          |       |       |       |     4 |     2 ||     6
 Armour: Skin              |     4 |    11 |    19 |    23 |    21 ||    78
  Dodge: Dodged            |    10 |    40 |   166 |   189 |   109 ||   514
  Block: Buckler           |       |       |       |    48 |    55 ||   103
